Cogmind - Beta 11 X2 @@@ ROGUE MODE // 2021.02.11 @ 19:08:48 Player: Luigi Panache Result: Destroyed by as-62219 with Assembled F-torch Performance ------------- Evolutions (0) 0 Regions Visited (4) 800 Robots Destroyed (13) 65 Value Destroyed (338) 338 Prototype IDs (0) 0 Alien Tech Used (0) 0 Bonus (0) 0 TOTAL SCORE: 1203 Bonus ------- None Cogmind --------- Core Integrity 0/250 Matter 240/300 Energy 250/250 System Corruption 2% Temperature Cool (60) Movement Treading (360) Ox2 Location -9/Mines Parts ------- > --- POWER (1) -------- Ion Engine > --- PROPULSION (2) --- Light Treads > --- UTILITY (2) ------ Heat Sink High-capacity Storage Unit > --- WEAPON (2) ------- (None) > --- INVENTORY (20) --- Ion Engine Aluminum Leg Aluminum Leg Compact Wheel Compact Wheel Small Storage Unit Improved Signal Interpreter Improved Terrain Scan Processor Hacking Suite Long-range Tractor Beam Improved Trap Extractor EM Pulse Gun Small Laser Small Laser Small Laser Particle Gun Assault Rifle Light Assault Rifle Slug Cannon Peak State ------------ > --- POWER ------------ Ion Engine > --- PROPULSION ------- Light Treads Light Treads > --- UTILITY ---------- Heat Sink High-capacity Storage Unit > --- WEAPON ----------- EM Pulse Gun Particle Gun > --- INVENTORY -------- Ion Engine Light Treads Aluminum Leg Aluminum Leg Compact Wheel Compact Wheel Small Storage Unit Improved Signal Interpreter Improved Terrain Scan Processor Hacking Suite Improved Trap Extractor EM Pulse Gun Small Laser Small Laser Small Laser Small Laser Assault Rifle Light Assault Rifle Slug Cannon Grenade Launcher [Rating: 11] Favorites ----------- Power Ion Engine Engine Ion Engine Propulsion Light Treads Treads Light Treads Leg Aluminum Leg Utility High-capacity Storage Unit Device Heat Sink Storage High-capacity Storage Unit Weapon Particle Gun Energy Gun Particle Gun Ballistic Gun Assault Rifle Launcher Grenade Launcher Build | -11 -10 -10 -10 -9 ------- Run | Scr Mat Min Exi Min Slots Evolved . | . . . . . Power . | . . . . . Propulsion . | . . . . . Utility . | . . . . . Weapon . | . . . . . Parts Attached 15 | 2 11 . . 2 Power 1 | . 1 . . . Engine 1 | . 1 . . . Core . | . . . . . Reactor . | . . . . . Propulsion 4 | 2 1 . . 1 Treads 4 | 2 1 . . 1 Leg . | . . . . . Wheel . | . . . . . Hover . | . . . . . Flight . | . . . . . Utility 2 | . 2 . . . Device 1 | . 1 . . . Storage 1 | . 1 . . . Processor . | . . . . . Hackware . | . . . . . Protection . | . . . . . Artifact . | . . . . . Weapon 8 | . 7 . . 1 Energy Gun 5 | . 5 . . . Energy Cannon . | . . . . . Ballistic Gun 2 | . 2 . . . Ballistic Cannon . | . . . . . Launcher 1 | . . . . 1 Special Weapon . | . . . . . Impact Weapon . | . . . . . Slashing Weapon . | . . . . . Piercing Weapon . | . . . . . Special Melee Weapon . | . . . . . Unidentified Prototypes . | . . . . . Parts Lost 7 | . 3 . . 4 Power 1 | . 1 . . . Propulsion 2 | . . . . 2 Utility . | . . . . . Weapon 4 | . 2 . . 2 Highest Loss Streak 4 | . 1 . . 4 Average Slot Usage (%) 96 | . 91 100 100 99 Engine 13 | . 13 14 14 14 Treads 27 | . 27 28 28 28 Device 11 | . 6 14 14 14 Storage 14 | . 14 14 14 14 Energy Gun 25 | . 21 28 28 26 Ballistic Gun 2 | . 5 . . . Naked Turns . | . . . . . Heaviest Build 51 | 13 51 51 51 51 Greatest Support 40 | 40 40 40 40 40 Greatest Overweight (x) 1 | . 1 1 1 1 Average Overweight (x) . | . . 1 1 1 Largest Inventory Capacity 20 | 8 20 20 20 20 Average Capacity 18 | 8 17 20 20 20 Most Carried 20 | 6 16 20 20 20 Average Carried 15 | 6 10 18 20 19 Final Capacity 20 | 8 20 20 20 20 Final Carried 20 | 6 16 20 20 19 Class Distribution -------------------- 100% | Mutant Dominant Class ---------------- Mutant | -10/Materials Mutant | -10/Mines Mutant | -10/Exiles Mutant | -9/Mines Resources | -11 -10 -10 -10 -9 ----------- Run | Scr Mat Min Exi Min Matter Collected 422 | 220 192 10 . . Remotely . | . . . . . Salvage Created 404 | . 400 . . 4 Parts 28 | . 28 . . . Haulers Intercepted . | . . . . . Recyclers Shooed . | . . . . . Parts Field Recycled . | . . . . . Retrieved Matter . | . . . . . Parts Self-Destructed . | . . . . . Prevented . | . . . . . Kills | -11 -10 -10 -10 -9 ------- Run | Scr Mat Min Exi Min Combat Hostiles Destroyed 12 | . 10 . . 2 Melee 1 | . . . . 1 Guns 10 | . 10 . . . AOE 1 | . . . . 1 Classes Destroyed 6 | . 5 . . 1 Worker 1 | . 1 . . . Operator 1 | . 1 . . . Watcher 1 | . 1 . . . Swarmer 2 | . 2 . . . Grunt 8 | . 8 . . . Assembled 2 | . . . . 2 Best Kill Streak 5 | . 5 . . 2 Combat Bots Only 5 | . 5 . . 2 Max Kills in Single Turn 1 | . 1 . . 1 Gunslinging . | . . . . . Exploded 1 | . . . . 1 Melee 1 | . . . . 1 Uniques/NPCs Destroyed . | . . . . . Combat | -11 -10 -10 -10 -9 -------- Run | Scr Mat Min Exi Min Damage Taken 1107 | . 557 . . 550 Core 252 | . 139 . . 113 Absorbed by Shields . | . . . . . Core Remaining (%) 100 | 100 . . . . Volleys Fired 66 | . 60 . . 6 Largest 2 | . 2 . . 1 Hottest 105 | . 105 . . 30 Shots Fired 110 | . 104 . . 6 Gun 104 | . 104 . . . Cannon . | . . . . . Launcher 6 | . . . . 6 Special . | . . . . . Kinetic 48 | . 48 . . . Thermal 56 | . 56 . . . Explosive 6 | . . . . 6 Electromagnetic . | . . . . . Robot Hit Streak 12 | . 12 . . 11 Robot Miss Streak 3 | . 3 . . . Penetration Max . | . . . . . Secondary Targets . | . . . . . Shots Hit Robots 81 | . 76 . . 5 Core Hits 32 | . 25 . . 7 Critical Hits . | . . . . . Critical Kills . | . . . . . Critical Parts Destroyed . | . . . . . Melee Attacks . | . . . . . Impact . | . . . . . Slashing . | . . . . . Piercing . | . . . . . Sneak Attacks . | . . . . . Combat Hostiles . | . . . . . Follow-up Attacks . | . . . . . Damage Inflicted 1180 | . 836 5 . 339 Guns 836 | . 836 . . . Cannons . | . . . . . Explosions 337 | . . . . 337 Melee . | . . . . . Ramming 7 | . . 5 . 2 Kinetic 392 | . 392 . . . Thermal 444 | . 444 . . . Explosive 337 | . . . . 337 Electromagnetic . | . . . . . Impact . | . . . . . Slashing . | . . . . . Piercing . | . . . . . Highest Corruption 2 | . 2 2 2 2 Average Corruption 2 | . 2 2 2 2 Corruption Purged . | . . . . . Effects 27 | . 10 11 5 1 Message Errors 8 | . 2 3 3 . Heat Flow Errors 5 | . 2 3 . . Energy Discharges 4 | . 2 1 . 1 Data Loss (minor) 9 | . 3 4 2 . Weapon Failures 1 | . 1 . . . Overload Shots . | . . . . . Overflow Damage 17 | . . . . 17 Projectiles . | . . . . . Explosions 17 | . . . . 17 Melee . | . . . . . Knockbacks . | . . . . . Impact . | . . . . . Kinetic . | . . . . . Secondary . | . . . . . Self-Inflicted Damage 55 | . . . . 55 Shots 3 | . . . . 3 Rammed 3 | . 1 2 . . Targets Rammed 4 | . 1 2 . 1 Kicked . | . . . . . Crushed 1 | . . . . 1 Highest Temperature 434 | . 434 242 . 12 Average Temperature 148 | . 155 121 . 7 Received Heat Transfer 402 | . 282 . . 120 Effects 3 | . 3 . . . Shutdowns 1 | . 1 . . . Interference 2 | . 2 . . . Siege Activations . | . . . . . Robots Corrupted . | . . . . . Combat Hostiles . | . . . . . Parts Fried . | . . . . . Impact Corruptions . | . . . . . Robots Melted . | . . . . . Combat Hostiles . | . . . . . Parts Melted 1 | . 1 . . . Heat Transferred 1165 | . 1165 . . . Parts Sabotaged . | . . . . . Parts Stolen . | . . . . . Parts Stripped . | . . . . . Power Chain Reactions . | . . . . . Missiles Intercepted . | . . . . . Alert | -11 -10 -10 -10 -9 ------- Run | Scr Mat Min Exi Min Peak Influence 166 | . 166 7 . . Initial 7 | . . 7 . . Average 36 | . 71 3 . . Maximum Alert Level . | . . . . . Low Security (%) 100 | 100 100 100 . 100 Level 1 . | . . . . . Level 2 . | . . . . . Level 3 . | . . . . . Level 4 . | . . . . . Level 5 . | . . . . . High Security . | . . . . . Max Security . | . . . . . Squads Dispatched 3 | . 3 . . . Investigation 1 | . 1 . . . Extermination . | . . . . . Reinforcement 2 | . 2 . . . Assault . | . . . . . Garrison . | . . . . . Intercept . | . . . . . Construction Impeded . | . . . . . Haulers Reinforced . | . . . . . Stealth | -11 -10 -10 -10 -9 --------- Run | Scr Mat Min Exi Min Distress Signals 2 | . 2 . . . Communications Jammed . | . . . . . Distress Signals . | . . . . . Times Spotted 42 | . 24 . . 18 Peak Tracking Total 13 | . 5 . . 13 Tactical Retreats 4 | . 4 . . . Traps | -11 -10 -10 -10 -9 ------- Run | Scr Mat Min Exi Min Traps Triggered 2 | . 2 . . . Indirectly . | . . . . . Trap Hack Attempts . | . . . . . Triggered . | . . . . . Disarmed . | . . . . . Reprogrammed . | . . . . . Reused . | . . . . . Traps Extracted . | . . . . . Installed . | . . . . . Triggered . | . . . . . Machines | -11 -10 -10 -10 -9 ---------- Run | Scr Mat Min Exi Min Machines Disabled . | . . . . . Max in Single Turn . | . . . . . Machines Sabotaged . | . . . . . Garrisons Compromised . | . . . . . Overloaded Fab Kills . | . . . . . Fab Network Shutdowns . | . . . . . Hacking | -11 -10 -10 -10 -9 --------- Run | Scr Mat Min Exi Min Machines Accessed 5 | . 3 1 1 . Terminals 2 | . 2 . . . Fabricators . | . . . . . Repair Stations 1 | . 1 . . . Recycling Units . | . . . . . Scanalyzers . | . . . . . Garrison Access . | . . . . . Total Hacks 11 | . 9 1 1 . Successful 8 | . 6 1 1 . Failed 3 | . 3 . . . Catastrophic . | . . . . . Database Lockouts . | . . . . . Manual 5 | . 5 . . . Terminals 5 | . 5 . . . Fabricators . | . . . . . Repair Stations 4 | . 4 . . . Recycling Units . | . . . . . Scanalyzers . | . . . . . Garrison Access . | . . . . . Terminal Hacks 2 | . . 1 1 . Record 1 | . . . 1 . Open Door 1 | . . 1 . . Fabricator Hacks . | . . . . . Repair Station Hacks 3 | . 3 . . . Scan Component 2 | . 2 . . . Repair 1 | . 1 . . . Recycling Unit Hacks . | . . . . . Scanalyzer . | . . . . . Garrison Access Hacks . | . . . . . Unauthorized Hacks 3 | . 3 . . . Terminals 3 | . 3 . . . Track 2 | . 2 . . . Operators 1 | . 1 . . . Fabricators . | . . . . . Repair Stations . | . . . . . Recycling Units . | . . . . . Scanalyzers . | . . . . . Garrison Access . | . . . . . Data Cores Recovered . | . . . . . Used . | . . . . . Hacking Detections 3 | . 3 . . . Full Trace Events . | . . . . . Feedback Events . | . . . . . Feedback Blocked . | . . . . . Robot Schematics Acquired . | . . . . . Robots Built . | . . . . . Matter . | . . . . . Time . | . . . . . Total Robot Build Rating . | . . . . . Part Schematics Acquired . | . . . . . Parts Built . | . . . . . Matter . | . . . . . Time . | . . . . . Total Part Build Rating . | . . . . . Parts Repaired 1 | . 1 . . . Time 26 | . 26 . . . Parts Recycled . | . . . . . Recycled Matter . | . . . . . Retrieved Matter . | . . . . . Retrieved Components . | . . . . . Parts Scanalyzed . | . . . . . Part Schematics Acquired . | . . . . . Parts Damaged . | . . . . . Bothacking | -11 -10 -10 -10 -9 ------------ Run | Scr Mat Min Exi Min Used RIF Installer . | . . . . . Robots Hacked . | . . . . . Non-combat . | . . . . . Combat . | . . . . . Robot Hacks Applied . | . . . . . Relay Couplers Released . | . . . . . Robots Rewired . | . . . . . Allies Hacked . | . . . . . Hacks Repelled . | . . . . . Allies | -11 -10 -10 -10 -9 -------- Run | Scr Mat Min Exi Min Total Allies . | . . . . . Largest Group . | . . . . . Highest-Rated Group . | . . . . . Highest-Rated Ally . | . . . . . Total Orders . | . . . . . Ally Attacks . | . . . . . Total Damage . | . . . . . Kills . | . . . . . Allies Corrupted . | . . . . . Allies Melted . | . . . . . Intel | -11 -10 -10 -10 -9 ------- Run | Scr Mat Min Exi Min Robot Analysis Total . | . . . . . Derelict Logs Recovered 2 | . . 2 . . Drone Launches . | . . . . . Drone Recoveries . | . . . . . Exploration | -11 -10 -10 -10 -9 ------------- Run | Scr Mat Min Exi Min Turns Passed 2774 | 8 1122 843 487 314 Spaces Moved 1011 | 4 385 319 188 115 Core . | . . . . . Treads 1011 | 4 385 319 188 115 Legs . | . . . . . Wheels . | . . . . . Hover . | . . . . . Flight . | . . . . . Fastest Speed 160 | 160 160 260 260 260 Average Speed 248 | 160 230 260 260 260 Slowest Speed 260 | 160 260 260 260 260 Overloaded Moves . | . . . . . Propulsion Burnouts . | . . . . . Robots Hopped . | . . . . . Cave-ins Triggered . | . . . . . Exploration Rate (%) 48 | 2 76 68 60 34 Regions Visited 4 Branch Regions 3 Pre-discovered Areas 2 | . . 1 1 . Known Exits Taken . | . . . . . Unknown Exits Taken 4 | 1 1 1 1 . Scrap Searched 2 | . . 1 . 1 Spaces Dug . | . . . . . Terrain Destroyed 8 | . . . . 8 Melee . | . . . . . Projectile . | . . . . . AOE 8 | . . . . 8 Terrain Rammed . | . . . . . Walls Destroyed . | . . . . . Machines Disabled . | . . . . . Actions | -11 -10 -10 -10 -9 --------- Run | Scr Mat Min Exi Min Total 1163 | 5 516 331 187 124 Wait 55 | . 50 5 . . Move 1007 | 3 384 318 187 115 Hop . | . . . . . Pick Up 14 | . 9 5 . . Fast Attach 4 | . 4 . . . Attach 3 | . 2 . . 1 Detach 1 | . 1 . . . Swap 8 | 2 5 . . 1 Drop 1 | . . 1 . . Fire 66 | . 60 . . 6 Melee . | . . . . . Ram . | . . . . . Kick . | . . . . . Crush 4 | . 1 2 . 1 Escape Stasis . | . . . . . Rewire . | . . . . . Trap . | . . . . . Miscellaneous . | . . . . . Route ------- -11/Scrapyard -10/Materials (discovered 3 exits: [*Mat x2] / *Min) -10/Mines -10/Exiles -9/Mines History --------- Turn | Location | Event 4 | -11/Scrapyard | Discovered new exit (range 2) 9 | -11/Scrapyard | Entered Materials 129 | -10/Materials | Discovered new exit (range 14) 306 | -10/Materials | Build established: Mutant 363 | -10/Materials | Discovered new exit (range 10) 554 | -10/Materials | Core integrity fell below 50% 1030 | -10/Materials | Repaired Lgt. Treads 1044 | -10/Materials | Discovered new exit (range 3) 1131 | -10/Materials | Entered Mines 1215 | -10/Mines | Found a hidden stash of uninstalled traps 1259 | -10/Mines | Learned Materials garrison access intel 1345 | -10/Mines | A weapon hastily lodged in a ceiling crevice suddenly fell to the ground 1481 | -10/Mines | Met a Derelict who couldn't figure out how to use a Trap Extractor 1961 | -10/Mines | Deemed a non-threat by the Exiles lab entrance 1964 | -10/Mines | Discovered new exit (range 5) 1974 | -10/Mines | Entered Exiles 2039 | -10/Exiles | Met 8R-AWN 2081 | -10/Exiles | Met EX-HEX 2169 | -10/Exiles | Met EX-BIN 2195 | -10/Exiles | Met EX-DEC 2354 | -10/Exiles | Learned location of Zion (-6) 2440 | -10/Exiles | Discovered new exit (range 10) 2461 | -10/Exiles | Entered Mines 2465 | -9/Mines | Met a Derelict bent on vengeance 2730 | -9/Mines | Assembled infested the area 2773 | -9/Mines | Core integrity fell below 20% 2775 | -9/Mines | Destroyed by as-62219 with Assembled F-torch Last Messages --------------- 02749_ as-21144 destroyed. 02750_ T-07 Excavator is excavating. 02750_ Destroyed Asb. Hover Unit. 02751_ as-13285 destroyed. 02754_ T-07 Excavator is excavating. 02760_ as-05586 destroyed. 02762_ as-94257 destroyed. 02762_ as-95714 destroyed. 02764_ Destroyed Asb. Maul. 02765_ Grenade Launcher destroyed. 02766_ Lgt. Treads destroyed. 02768_ The unstable cave ceiling collapses. 02768_ T-07 Excavator is excavating. 02768_ 03-CUO(g) system corrupted by crushing effect. 02769_ 03-CUO(g) system terminally corrupted. 02770_ EM Pulse Gun destroyed. 02774_ Lgt. Treads destroyed. 02775_ The unstable cave ceiling collapses. 02775_ Crushed as-99119. 02775_ as-99119 destroyed. Map ----- +----------------------------------------------------+ | #?# #???????## #????????????????????? | | #?# #???????# """ #????????????????????? | | #?# #???????# """ ##????????????????????? | | ### ##??????# """ ##????????????????????? | | ] #??????## #????????????????????? | | ### ??????## ## ##???????????????????? | | ??# ##??????####?### ##??????????????????? | | ??######??????????????# ####???????????????? | | ??????????????????????# #######?????????? | | ??????????????????????# #?????????? | | ??????????????????????## #### ##### #?????????? | | ???????????????????????## ##??# #???# #?????????? | | ????????????????????????# #???# #???# #?????????? | | ???????????????????###??# #??## #???# #?????????? | | ??????????????????## ### #?## ##??# #?????????? | | ??????????????????# ##% ### #### #?????????? | | ?????????????????## ![%*!## % #?????????? | | ????????????????## =%* ##### #?????????? | | ???????????????## % %#???# #?????????? | | ??????????????## #???# #?????????? | | ?????????????## ##??# #?????????? | | ?????????????# ##?# #?????????? | | ?????????????# a ### #?????????? | | ????????????## a a #?????????? | | ????????????# a a ### #?????????? | | ???????????# @ ##?? ??????????? | | ???????????# a #??? ??????????? | | ???????????## ## # a ##??? ??????????? | | ????????????#######?# ### a #???? ??????????? | | ????????????????????# #??# # #???? ??????????? | | ????????????????????# #???#### %#???? ??????????? | | ????????????????????# #??????? #???????????????? | | ????????????????????# ??????? ??????????????? | | ????????????????????# ???????? ?????????????? | | ????????????????????## #???????????? ????????????? | | ??????????????????????#??????????????????????????? | | ?????????????????????????????????????????????????? | | ?????????????????????????????????????????????????? | | ?????????????????????????????????????????????????? | | ?????????????????????????????????????????????????? | | ?????????????????????????????????????????????????? | | ?????????????????????????????????????????????????? | | | | | | | | | | | | | | | | | +----------------------------------------------------+ Best States ------------- Heat Dissipation 35 Energy Generation 10 Energy Capacity 250 Matter Stores 300 Matter Capacity 300 Sight Range 16 Terrain Scan Density 10 Evasion (%) 40 Recoil Reduction 2 Item Schematics ----------------- None Robot Schematics ------------------ None Fabricated ------------ Nothing Alien Tech Used ----------------- None Achievements -------------- None Challenges ------------ None Game ------ Seed HellfireThermalShielding Manual? 0 Play Time 00:13:35 Cumulative 274.2 hours Start 2021.02.11 @ 16:45:26 End 2021.02.11 @ 19:08:48 Sessions 2 Manual Loads 0 Difficulty Rogue Special Mode None Game No. 270 Rogue 124 Adventurer 68 Explorer 78 Win Type - Total 21 Types 15/0/4/2/0/0/0/0/0 Lore% 78 Gallery% 86 Achievement% 67 Wizard Run 0 Options --------- ASCII 0 Keyboard 0 Movement Numpad Keybinds 0 Fullscreen 2 Font 18/TerminusBold Map View 76x50 Tactical HUD 1 Map Filters NONE Filters NONE Steam 1 RUN: 4e3967ef-769b-40f5-ab7d-6211f405eb9b